 Dungeon Crawl Stone Soup version 0.27-a0-1154-gfdeffcb720 (webtiles) character file.

Game seed: 10282626195232642548

5 polve the Skirmisher (level 1, 0/18 HPs)
             Began as a Demonspawn Abyssal Knight on May 14, 2021.
             Was an Initiate of Lugonu.
             Slain by a jackal (2 damage)
             ... on level 1 of the Dungeon.
             The game lasted 00:00:15 (301 turns).

polve the Skirmisher (Demonspawn Abyssal Knight)     Turns: 301, Time: 00:00:15

Health: 0/18       AC:  3    Str: 12    XL:     1   Next: 66%
Magic:  2/2        EV: 11    Int: 13    God:    Lugonu [......]
Gold:   57         SH:  0    Dex: 12    Spells: 0/0 levels left

rFire    . . .     SeeInvis .   a - +1 short sword
rCold    . . .     Faith    .   (no shield)
rNeg     . . .     Spirit   .   b - +0 leather armour
rPois    .         Reflect  .   (no helmet)
rElec    .         Harm     .   (no cloak)
rCorr    .         Rampage  .   (no gloves)
Will     .....                  (no boots)
Stlth    +.........             (no amulet)
HPRegen  0.06/turn              (no ring)
MPRegen  0.08/turn              (no ring)

@: no status effects
A: no striking features
a: Renounce Religion


You were on level 1 of the Dungeon.
You worshipped Lugonu.
Lugonu was noncommittal.
You visited 1 branch of the dungeon, and saw 1 of its levels.
You visited the Abyss 1 time.

You collected 57 gold pieces.

Inventory:

Hand Weapons
 a - a +1 short sword (weapon)
Armour
 b - a +0 leather armour (worn)
Scrolls
 c - a scroll of magic mapping {unknown}


   Skills:
 - Level 3.0 Fighting
 + Level 2.2 Short Blades
 - Level 1.7 Armour
 - Level 0.8 Dodging
 - Level 2.4 Invocations


You couldn't memorise any spells.
You didn't know any spells.
Your spell library was empty.

Dungeon Overview and Level Annotations

Branches:
Dungeon (1/15)

Altars:


Message History

You hit the jackal but do no damage.
The jackal is severely wounded.
The jackal closely misses you. x2; The jackal barely misses you.
The jackal bites you.
You hit the jackal.
You kill the jackal!
Lugonu accepts your kill. The jackal misses you.
The jackal bites you but does no damage.
You swing at nothing.
The jackal bites you but does no damage. x2
The jackal closely misses you. The jackal barely misses you.
You swing at nothing.
The jackal bites you but does no damage.
The jackal closely misses you.
You swing at nothing.
The jackal misses you.
The jackal bites you but does no damage.
The jackal bites you.
You swing at nothing.
The jackal barely misses you.
The jackal bites you but does no damage.
The jackal barely misses you.
You swing at nothing.
The jackal barely misses you.
The jackal bites you but does no damage.
You swing at nothing.
The jackal bites you but does no damage.
The jackal bites you.
* * * LOW HITPOINT WARNING * * *
The jackal barely misses you.
The jackal bites you but does no damage.
You swing at nothing.
The jackal barely misses you.
The jackal bites you but does no damage.
You swing at nothing.
The jackal bites you but does no damage.
The jackal misses you. The jackal bites you.
* * * LOW HITPOINT WARNING * * *
You swing at nothing.
The jackal bites you.
* * * LOW HITPOINT WARNING * * *
The jackal closely misses you. x2
You swing at nothing.
The jackal closely misses you. The jackal bites you.
You die...

.........................
......##.#...............
#####.##.#...............
## #.##.................
.# #.##.##.............!
.+ #............####.## .#
.......>............ .#
.......######.###..##. .#
.......[†.h@†........
.####.##.#...##h##...#?.##
# ............
#.........##.# .##......#.
#..#...##....# ###.#.####
.....#.$........ #....#
...###.#....#.....
###.#.####.. #.#..........
...........
...............
##.........
.........#.....


You could see 2 jackals.

Vanquished Creatures
  2 jackals (D:1)
  A quokka (D:1)
  2 rats (D:1)
5 creatures vanquished.

Notes
Turn   | Place    | Note
-------+----------+-------------------------------------------
     0 | Abyss:1  | polve the Demonspawn Abyssal Knight began the quest for the
                  | Orb.
     0 | Abyss:1  | Reached XP level 1. HP: 18/18 MP: 2/2
    28 | Abyss:1  | Noticed a ynoxinul
    30 | D:1      | Escaped the Abyss
   301 | D:1      | Slain by a jackal

Illustrated notes

Levels and vault maps discovered:
D:1:      dpeg_arrival_lava_temple_mockup, layout_basic

Skill      XL: |  1 |
---------------+----+-----
Short Blades   | 2 |  2.2
Fighting       | |  3.0
Armour         | |  1.7
Dodging        | |  0.8
Invocations    | |  2.4

Action                   || total
-------------------------++-------
Melee: Short sword       ||    22
Invok: Depart the Abyss  ||     1
Armor: Leather armour    ||    13
Dodge: Dodged            ||    44

Table legend: (Time is in decaauts)
 A = Elapsed time spent in this place.
 B = Non-inter-level travel time spent in this place.
 C = Inter-level travel time spent in this place.
 D = Time resting spent in this place.
 E = Time spent auto-exploring this place.
 F = Levels seen in this place.
 G = Mean time per level.
                   A        B        C        D        E       F      G
               +--------+--------+--------+--------+--------+-----+--------+
         Total |    300 |    300 |      0 |      0 |    241 |   2 |  150.0 |
       Dungeon |    270 |    270 |      0 |      0 |    212 |   1 |  270.0 |
         Abyss |     30 |     30 |      0 |      0 |     29 |   1 |   30.0 |
               +--------+--------+--------+--------+--------+-----+--------+

Top non-repeatable levels by time:
     D:1: 270 daAuts
 Abyss:1: 30 daAuts
